 Dungeon Crawl Stone Soup version 0.31-a0-986-g5e6e4ef867 (webtiles) character file.

Game seed: 5826357378944900920

35 LeprechaunX the Changeling (level 3, -7/24 HPs)
             Began as an Octopode Shapeshifter on Nov 20, 2023.
             Mangled by an orc
             ... wielding a +4 flail
              (9 damage)
             ... on level 2 of the Dungeon.
             The game lasted 00:01:06 (930 turns).

LeprechaunX the Changeling (Octopode Shapeshifter)   Turns: 930, Time: 00:01:07

Health: -7/24      AC:  1    Str: 13    XL:     3   Next: 35%
Magic:  3/3        EV: 13    Int: 12    God:
Gold:   81         SH:  0    Dex: 13    Spells: 2/2 levels left

rFire   . .          .
                       - Unarmed
rCold   . . .        (no shield)
rNeg    . . .        (helmet currently unavailable)
rPois   .            (no amulet)
rElec   .            (no ring)
rCorr   .            (no ring)
SInv    .            (no ring)
Will    .....        (no ring)
Stlth   ++           (no ring)
HPRegen 0.24/turn    (no ring)
MPRegen 0.08/turn    (no ring)
                     (no ring)

%: no passive effects
@: beast-form
A: beast (slay +2), almost no armour, amphibious, 8 rings, camouflage 1,
gelatinous body 1, (nimble swimmer 1), tentacles
a: Begin Untransformation


You were on level 2 of the Dungeon.
You were a hulking beast.
You visited 1 branch of the dungeon, and saw 2 of its levels.

You collected 81 gold pieces.

Inventory:

Jewellery
 h - an amulet of magic regeneration
Talismans
 b - a beast talisman
 c - a flux talisman
Scrolls
 d - 2 scrolls of identify {unknown}
 e - a scroll of silence {unknown}
Potions
 a - a potion of lignification
 f - a potion of degeneration {unknown}
 g - a potion of attraction {unknown}


   Skills:
 + Level 1.6 Fighting
 - Level 2.0 Dodging
 + Level 3.3 Unarmed Combat
 * Level 3.6 Shapeshifting


You had 2 spell levels left.
You didn't know any spells.
Your spell library contained the following spells:

 Spells                   Type           Power      Damage    Failure   Level
 Sandblast                Erth           0%         2d4       32%         1
 Passwall                 Tmut/Erth      0%         N/A       45%         2
 Stone Arrow              Conj/Erth      0%         3d7       69%         3
 Brom's Barrelling Bould  Conj/Erth      0%         2d3       97%         4


Dungeon Overview and Level Annotations

Branches:
Dungeon (2/15)

Altars:


Innate Abilities, Weirdness & Mutations

You are a hulking beast.
Your limbs bulge with bestial killing power. (Slay +2)
You cannot wear most types of armour.
You are amphibious.
You can wear up to eight rings at the same time.
Your skin changes colour to match your surroundings (Stealth+).
Your rubbery body absorbs attacks. (AC +1, EV +1)
((You are camouflaged when in or above water. (Stealth+)))
You have tentacles for arms and can constrict up to eight enemies at once.


Message History

The endoplasm freezes you.
You are frozen.
The orc hits you with a +0 hand axe. x2
* * * LOW HITPOINT WARNING * * *
You are too injured to fight recklessly!
You are too injured to fight recklessly!
You are too injured to fight recklessly!
You are too injured to fight recklessly!
You are too injured to fight recklessly!
You are too injured to fight recklessly!
There are monsters nearby!
There are monsters nearby!
Unknown command.
You release your grip on the orc.
The endoplasm hits you.
* * * LOW HITPOINT WARNING * * *
The endoplasm attacks as it pursues you!
The endoplasm hits you but does no damage.
You barely miss the endoplasm. The endoplasm closely misses you.
You tentacle-slap the endoplasm.
The endoplasm is almost dead.
You tentacle-slap the endoplasm.
You kill the endoplasm!
You barely miss the orc. Your grab misses the orc.
The orc is heavily wounded.
The orc hits you with a +0 hand axe.
* * * LOW HITPOINT WARNING * * *
You tentacle-slap the orc. You grab the orc.
The orc is severely wounded.
You constrict the orc, but do no damage.
The orc hits you with a +0 hand axe.
* * * LOW HITPOINT WARNING * * *
You tentacle-slap the orc.
The orc is almost dead.
You constrict the orc.
You kill the orc!
You closely miss the orc. You grab the orc. You constrict the orc.
The orc closely misses you.
You barely miss the orc.
The orc is lightly wounded.
You constrict the orc. The orc hits you with a +4 flail!
You die...

#.# #####...#.## #.#
###....# + #.#
#######..###.#. #.# ##
#....##........ ##.
#....##........ ..
#..........#### . #.
#.....†....#
....##.###..........#
......)ooh.##.....##...
..#.....#####.##..# .##
......... ..##...# #
###....... ##........
.........# #.##.....
####.....)# .. #.......
###+####.


You could see 2 orcs.

Vanquished Creatures
  An adder (D:2)
  A dart slug (D:1)
  2 orcs (D:2)
  A ball python (D:1)
  3 endoplasms
  A giant cockroach (D:2)
  2 goblins
  A hobgoblin (D:1)
  3 kobolds
  2 bats (D:1)
  3 frilled lizards
  2 rats (D:1)
22 creatures vanquished.

Notes
Turn   | Place    | Note
-------+----------+-------------------------------------------
     0 | D:1      | LeprechaunX the Octopode Shapeshifter began the quest for
                  | the Orb.
     0 | D:1      | Reached XP level 1. HP: 13/13 MP: 1/1
   339 | D:1      | Reached XP level 2. HP: 18/18 MP: 2/2
   907 | D:2      | Reached XP level 3. HP: 23/23 MP: 3/3
   927 | D:2      | HP: 1/23 [orc/+0 hand axe (4)]
   930 | D:2      | Mangled by an orc

Illustrated notes

Levels and vault maps discovered:
D:1:      grunt_arrival_crossed_arrows, layout_loops_corners,
          chequers_serial_rivers_small_3, fountainhead, nrook_loot_triangle,
          minmay_misc_feat_rugged, chequers_serial_rivers_small_3
D:2:      layout_basic, serial_bayou_lagoon_a

Action                     || total
---------------------------++-------
  Melee: Unarmed           ||    37
         Tentacles         ||     7
         Constrict         ||    14
         Punch             ||     2
   Stab: Sleeping          ||     7
 Armour: Skin              ||    17
  Dodge: Dodged            ||    18

Table legend: (Time is in decaauts)
 A = Elapsed time spent in this place.
 B = Non-inter-level travel time spent in this place.
 C = Inter-level travel time spent in this place.
 D = Time resting spent in this place.
 E = Time spent auto-exploring this place.
 F = Levels seen in this place.
 G = Mean time per level.
                   A        B        C        D        E       F      G
               +--------+--------+--------+--------+--------+-----+--------+
         Total |    927 |    901 |     26 |      0 |    776 |   2 |  463.5 |
       Dungeon |    927 |    901 |     26 |      0 |    776 |   2 |  463.5 |
               +--------+--------+--------+--------+--------+-----+--------+

Top non-repeatable levels by time:
     D:1: 816 daAuts
     D:2: 111 daAuts
